 Dungeon Crawl Stone Soup version 0.30-a0-4-ga7cffc901d (webtiles) character file.

Game seed: 1274061988629847432

785 ytrimaz the Magician (level 7, -4/72 HPs)
             Began as a Demonspawn Transmuter on Aug 22, 2022.
             Was an Initiate of Makhleb.
             Slain by an ogre
             ... wielding a +0 giant club
              (15 damage)
             ... on level 6 of the Dungeon.
             The game lasted 00:05:19 (4503 turns).

ytrimaz the Magician (Demonspawn Transmuter)        Turns: 4503, Time: 00:05:19

Health: -4/72      AC: 23    Str: 11    XL:     7   Next: 56%
Magic:  14/14      EV:  2    Int: 23    God:    Makhleb [......]
Gold:   328        SH:  0    Dex: 13    Spells: 6/16 levels left

rFire   . . .      SeeInvis .    l - +12 sling "Mirapo" {speed, rPois Will- Int+7}
rCold   . . .      Faith    .    (no shield)
rNeg    . . .      Spirit   .    (body armour currently unavailable)
rPois   +          Reflect  .    (helmet currently unavailable)
rElec   .          Harm     .    (cloak currently unavailable)
rCorr   .          Rampage  .    (gloves currently unavailable)
Will    .....      NoTele   +    (boots currently unavailable)
Stlth   +.........               i - amulet of regeneration
HPRegen 1.02/turn                j - ring of poison resistance
MPRegen 0.14/turn                (no ring)

@: tree-form
A: stationary, stasis, torment immunity, boosted hp, (thin metallic scales 2),
demonic guardian 1, (spiny 2), (weakness stinger 1)
a: Renounce Religion


You were on level 6 of the Dungeon.
You worshipped Makhleb.
Makhleb was noncommittal.
You were a tree.
You visited 2 branches of the dungeon, and saw 7 of its levels.

You collected 328 gold pieces.

Inventory:

Hand Weapons
 l - the +12 sling "Mirapo" (weapon) {speed, rPois Will- Int+7}
   (You found it on level 2 of the Dungeon)

   Attacks with this weapon are significantly faster.
   Int:       It affects your intelligence (+7).
   rPois:     It protects you from poison.
   Will:      It decreases your willpower.
Armour
 a - a +1 robe (melded)
 r - the +1 pair of gloves "Fifup" (melded) {rElec Int+3}
   (You found it on level 3 of the Dungeon)

   Int:       It affects your intelligence (+3).
   rElec:     It insulates you from electricity.
Jewellery
 i - an amulet of regeneration (around neck)
 j - a ring of poison resistance (left branch)
 s - an amulet of faith
Wands
 n - a wand of flame (50)
Scrolls
 c - 2 scrolls of enchant armour
 e - a scroll of butterflies
 m - a scroll of enchant weapon
 o - a scroll of teleportation
Potions
 d - 3 potions of attraction
 f - 3 potions of mutation
 g - 2 potions of flight
 h - 3 potions of brilliance
 k - a potion of might
 p - a potion of heal wounds {unknown}
 q - 3 potions of invisibility
 t - 2 potions of curing {unknown}


   Skills:
 - Level 1.0 Fighting
 - Level 1.7 Dodging
 - Level 2.6 Unarmed Combat
 + Level 5.3 Spellcasting
 + Level 4.5 Transmutations
 * Level 2.6 Ice Magic
 * Level 2.9 Poison Magic


You had 6 spell levels left.
You knew the following spells:

 Your Spells              Type           Power      Damage    Failure   Level
a - Beastly Appendage     Tmut           54%        N/A       1%          1
b - Wereblood             Tmut           27%        N/A       2%          2
c - Spider Form           Tmut/Pois      23%        N/A       6%          3
d - Ice Form              Ice/Tmut       22%        N/A       22%         4

Your spell library contained the following spells:

 Spells                   Type           Power      Damage    Failure   Level
 Static Discharge         Conj/Air       6%         3-4/arc   14%         2
 Lightning Bolt           Conj/Air       3%         1d14      95%         5
 Summon Forest            Summ/Tloc      3%         N/A       95%         5
 Summon Mana Viper        Hex/Summ       6%         N/A       95%         5
 Summon Cactus Giant      Summ           3%         N/A       100%        6
 Maxwell's Capacitive Co  Air            3%         ∞         100%        8


Dungeon Overview and Level Annotations

Branches:
Dungeon (6/15)             Temple (1/1) D:4

Altars:
Ashenzari
Dithmenos
Fedhas
Hepliaklqana
Kikubaaqudgha
Makhleb
Nemelex Xobeh
Okawaru
Ru
Sif Muna
Trog
Uskayaw
Wu Jian
Yredelemnul

Annotations:
D:3 1 runed translucent door, xian's ghost, amateur DsFi


Innate Abilities, Weirdness & Mutations

You are a tree.
Your roots penetrate the ground, keeping you stationary.
You cannot be teleported.
You are immune to unholy pain and torment.
Your maximum health is greatly increased.
Your equipment is partially melded.
((You are mostly covered in thin metallic scales. (AC +3)))
A weak demonic guardian rushes to your aid.
((You are mostly covered in sharp spines.))
((You have a small tail.))


Message History

The black bear growls angrily.
The sling bullet hits the black bear.
The black bear is lightly wounded.
You shoot a sling bullet. The sling bullet hits the ogre!
The ogre is moderately wounded.
You shoot a sling bullet. The sling bullet hits the ogre.
The ogre is heavily wounded.
The ogre is struck by your spines.
The ogre hits you with a +0 giant club!!
You shoot a sling bullet.
The sling bullet closely misses the ogre.
The ogre hits you with a +0 giant club!
* * * LOW HITPOINT WARNING * * *
You are too injured to fight recklessly!
You are too injured to fight recklessly!
Unknown command.
Really quaff the potion of lignification?
You turn into a tree.
The +1 pair of gloves "Fifup" {rElec Int+3} melds into your body.
Your +1 robe melds into your body.
Your roots penetrate the ground.
Unknown command.
Really attack while wielding the +12 sling "Mirapo" {speed, rPois Will- Int+7}? [Y]es or [N]o only, please.
Really attack while wielding the +12 sling "Mirapo" {speed, rPois Will- Int+7}? [Y]es or [N]o only, please.
Really attack while wielding the +12 sling "Mirapo" {speed, rPois Will- Int+7}?
Okay, then.
Really attack while wielding the +12 sling "Mirapo" {speed, rPois Will- Int+7}? [Y]es or [N]o only, please.
Really attack while wielding the +12 sling "Mirapo" {speed, rPois Will- Int+7}?
You completely miss the ogre.
The ogre is heavily wounded.
The ogre hits you with a +0 giant club!
* * * LOW HITPOINT WARNING * * *
A demonic guardian appears!
Unknown command.
You clumsily bash the ogre but do no damage.
The ogre is heavily wounded.
The ogre hits you with a +0 giant club!
You die...

###########
##.....5...##
#....♣h.§§...
#.#...O..§§..
#..##§.§.§.
#..# .§≈§..
#..# .≈≈≈≈
#.# #..#
..... #.#
#..# ....
##### #.#
##..# ###.
....# #.#
#...######


You could see a black bear (ally target), an ogre and a friendly quasit
(summoned).

Vanquished Creatures
  A black bear (D:4)
  2 phantoms
  A necrophage (D:6)
  2 hounds
  2 orc priests (D:4)
  4 iguanas
  A jelly (D:5)
  Jessica (D:2)
  4 gnolls (D:2)
  6 adders
  2 white imps
  4 worms
  10 orcs
  4 ball pythons
  6 bats
  9 endoplasms
  5 giant cockroaches
  8 goblins
  2 hobgoblins (D:4)
  3 jackals (D:1)
  5 quokkas
  A frilled lizard (D:2)
  5 kobolds
  8 rats
96 creatures vanquished.

Notes
Turn   | Place    | Note
-------+----------+-------------------------------------------
     0 | D:1      | ytrimaz the Demonspawn Transmuter began the quest for the
                  | Orb.
     0 | D:1      | Reached XP level 1. HP: 15/15 MP: 3/3
   450 | D:1      | Gained mutation: You have a small tail. [demonic ancestry]
   450 | D:1      | Reached XP level 2. HP: 21/21 MP: 3/5
   453 | D:1      | Learned a level 2 spell: Wereblood
  1291 | D:2      | Gained mutation: You are partially covered in thin metallic
                  | scales. (AC +2) [demonic ancestry]
  1291 | D:2      | Reached XP level 3. HP: 17/26 MP: 7/7
  1400 | D:2      | Reached skill level 3 in Spellcasting
  1411 | D:2      | Gained mutation: You are partially covered in sharp spines.
                  | [demonic ancestry]
  1411 | D:2      | Reached XP level 4. HP: 7/32 MP: 8/8
  1810 | D:2      | Noticed Jessica
  1816 | D:2      | Killed Jessica
  1926 | D:2      | Learned a level 3 spell: Spider Form
  1931 | D:2      | Learned a level 4 spell: Ice Form
  2217 | D:2      | Identified the +12 sling "Mirapo" {speed, rPois Will-
                  | Int+7}
  2490 | D:3      | Gained mutation: You are mostly covered in sharp spines.
                  | [demonic ancestry]
  2490 | D:3      | Reached XP level 5. HP: 37/37 MP: 10/10
  2953 | D:3      | Found a runed translucent door.
  3064 | D:3      | Identified the +1 pair of gloves "Fifup" {rElec Int+3}
  3248 | D:3      | Reached skill level 4 in Spellcasting
  3272 | D:3      | Reached skill level 1 in Poison Magic
  3415 | D:3      | Noticed xian's ghost (amateur DsFi)
  3499 | D:4      | Noticed a black bear
  3502 | D:4      | Killed a black bear
  3503 | D:4      | Reached skill level 1 in Ice Magic
  3503 | D:4      | Gained mutation: A weak demonic guardian rushes to your
                  | aid. [demonic ancestry]
  3503 | D:4      | Reached XP level 6. HP: 43/43 MP: 12/12
  3533 | D:4      | Found a staircase to the Ecumenical Temple.
  3556 | Temple   | Entered the Ecumenical Temple
  3589 | D:4      | Found a sacrificial altar of Ru.
  3668 | D:4      | Found a shimmering blue altar of Sif Muna.
  3773 | D:4      | Found an ancient bone altar of Kikubaaqudgha.
  3774 | D:4      | Found a broken altar of Ashenzari.
  3775 | D:4      | Found a bloodstained altar of Trog.
  3808 | D:4      | Identified a scroll of acquirement
  3808 | D:4      | Acquired an amulet of regeneration
  3908 | D:4      | Found a burning altar of Makhleb.
  3937 | D:4      | Became a worshipper of Makhleb the Destroyer
  4031 | D:5      | Entered Level 5 of the Dungeon
  4070 | D:5      | Gained mutation: You are mostly covered in thin metallic
                  | scales. (AC +3) [demonic ancestry]
  4070 | D:5      | Reached XP level 7. HP: 48/48 MP: 14/14
  4423 | D:6      | Reached skill level 5 in Spellcasting
  4495 | D:6      | Found an iron altar of Okawaru.
  4503 | D:6      | Slain by an ogre

Illustrated notes

Levels and vault maps discovered:
D:1:      dpeg_arrival_connections, layout_basic
D:2:      layout_loops_ring, uniq_jessica
D:3:      minmay_chambers_of_twos, layout_basic, ebering_ghost_reflecting_pool,
          minmay_liquid_box, hex_tiny, roderic_serpentine_path
D:4:      layout_rooms, nicolae_overflow_crystal_walls,
          nicolae_ru_path_of_blood, chequers_temple_overflow_statue_of_worship,
          mainiacjoe_overflow_concentric_impassable, minmay_temple_entry_hall
D:5:      layout_basic
D:6:      old_forge, layout_loops_ring, cheibriados_altar_1, lemuel_round_altar,
          mainiacjoe_overflow_chevrons, minmay_diced_spiral
Temple:   hellmonk_temple_micro_hex

Skill      XL: |  1  2  3  4  5  6  7 |
---------------+----------------------+-----
Transmutations | 2 3 4 |  4.5
Spellcasting   | 3 4 5 |  5.3
Poison Magic   | 1 2 |  2.9
Ice Magic      | 1 2 |  2.6
Fighting       | |  1.0
Dodging        | |  1.7
Unarmed Combat | |  2.6

Action                   |  1- 3 |  4- 6 |  7- 9 || total
-------------------------+-------+-------+-------++-------
Melee: Unarmed           |    51 |    30 |       ||    81
       Kick              |    16 |     9 |       ||    25
       Headbutt          |     7 |     5 |       ||    12
       Tailslap          |     2 |     6 |       ||     8
       Punch             |     1 |       |       ||     1
       Sling             |       |       |     2 ||     2
 Fire: Sling             |       |    94 |    26 ||   120
 Cast: Beastly Appendage |    13 |     9 |       ||    22
  Use: Scroll            |     4 |    13 |       ||    17
       Potion            |       |       |     1 ||     1
 Stab: Sleeping          |     1 |       |       ||     1
Armor: Robe              |    14 |     7 |       ||    21
Dodge: Dodged            |    60 |    18 |     1 ||    79

Table legend: (Time is in decaauts)
 A = Elapsed time spent in this place.
 B = Non-inter-level travel time spent in this place.
 C = Inter-level travel time spent in this place.
 D = Time resting spent in this place.
 E = Time spent auto-exploring this place.
 F = Levels seen in this place.
 G = Mean time per level.
                   A        B        C        D        E       F      G
               +--------+--------+--------+--------+--------+-----+--------+
         Total |   4491 |   4376 |    115 |    224 |   3586 |   7 |  641.6 |
       Dungeon |   4490 |   4375 |    115 |    224 |   3586 |   6 |  748.3 |
        Temple |      1 |      1 |      0 |      0 |      0 |   1 |    1.0 |
               +--------+--------+--------+--------+--------+-----+--------+

Top non-repeatable levels by time:
     D:1: 1256 daAuts
     D:2: 1196 daAuts
     D:3: 1011 daAuts
     D:4: 555 daAuts
     D:5: 386 daAuts
     D:6: 83 daAuts
  Temple: 1 daAuts
